Map: [ESL] Oceanborn

Players

HeroMarine - Winner!

  • Race: Terran Terran
  • Spawn Location: 11:00

Mixu

  • Race: Zerg Zerg
  • League: Grandmaster
  • Spawn Location: 5:00

Event: HomeStory Cup XXIV

VOD

Have the link to the VOD?

Description

Time

  • Played on: Dec. 2, 2023, 2:52 p.m.
  • Length: 5:48

All games in this series

Show
View Real Time Build Order
Export as new Build Order

HeroMarine Terran - Winner!

Build Orders: Liberator Opening, Reaper Expand 

Get SALT Encoding   

  12  0:00  SCV  
  13  0:12  SCV  
  14  0:17  Supply Depot  
  14  0:24  SCV  
  15  0:38  SCV  
  15  0:40  Barracks  
  16  0:42  Refinery  
  16  0:50  SCV  
  17  1:02  SCV  
  18  1:15  SCV  
  19  1:27  Orbital Command, Reaper  
  20  1:38  Command Center  
  20  1:45  Supply Depot  
  20  1:52  SCV  
  21  1:59  Marine  
  22  2:05  SCV  
  23  2:08  Factory  
  23  2:17  SCV  
  23  2:20  Barracks Reactor  
  24  2:29  SCV  
  25  2:41  Command Center, SCV  
  26  2:52  Orbital Command  
  26  2:53  SCV  
  27  3:01  Starport  
  27  3:05  SCV  
  28  3:07  Refinery  
  28  3:09  Hellion  
  28  3:11  Hellion  
  28  3:12  Marine  
  33  3:17  SCV  
  33  3:19  SCV  
  35  3:29  SCV  
  35  3:31  SCV  
  35  3:33  Hellion x2  
  41  3:37  Liberator  
  44  3:41  SCV  
  44  3:44  SCV  
  46  3:53  SCV  
  46  3:55  Hellion x2  
  51  3:56  SCV  
  51  4:00  Barracks Tech Lab  
  51  4:01  Supply Depot  
  51  4:02  Orbital Command  
  52  4:05  SCV  
  52  4:08  SCV  
  54  4:16  Hellion x2  
  58  4:18  SCV  
  58  4:20  SCV  
  58  4:24  Starport Reactor, Marine, Supply Depot  
  60  4:29  SCV  
  60  4:30  SCV  
  63  4:32  SCV  
  68  4:43  SCV x2  
  68  4:45  Barracks  
  62  4:46  Marine  
  62  4:47  Barracks  
  62  4:49  Factory Tech Lab  
  62  4:50  Engineering Bay  
  62  4:52  SCV, Engineering Bay  
  64  4:55  SCV  
  65  5:02  Orbital Command, Supply Depot, Refinery x2  
  65  5:04  SCV, Marine  
  67  5:07  Starport Reactor, SCV  
  67  5:09  Siege Tank  
  71  5:14  Supply Depot  
  71  5:16  SCV  
  71  5:20  SCV  
  73  5:22  Marine  
  74  5:28  SCV  
  74  5:32  SCV  
  74  5:34  SCV  
  75  5:36  Supply Depot  
Show
View Real Time Build Order
Export as new Build Order

Mixu Zerg 

Build Orders: Hatch First 

Get SALT Encoding   

  12  0:00  Drone  
  13  0:12  Overlord  
  13  0:16  Drone  
  14  0:30  Drone x2  
  16  0:48  Hatchery  
  15  0:51  Drone  
  15  0:55  Drone  
  17  0:58  Drone  
  18  1:09  Extractor  
  17  1:13  Spawning Pool  
  17  1:17  Drone  
  17  1:20  Drone  
  18  1:28  Drone  
  19  1:39  Drone  
  20  1:49  Overlord  
  20  1:59  Queen  
  20  2:00  Queen  
  26  2:01  Zergling x4  
  26  2:10  Drone x2  
  26  2:13  Metabolic Boost  
  28  2:21  Drone x2  
  30  2:35  Hatchery  
  28  2:38  Spore Crawler  
  28  2:41  Drone  
  28  2:42  Drone  
  30  2:47  Queen  
  30  2:51  Overlord  
  32  2:53  Drone  
  32  2:56  Drone  
  32  2:58  Drone  
  35  3:08  Overlord  
  35  3:09  Queen  
  35  3:11  Drone  
  38  3:15  Drone  
  38  3:16  Drone x2  
  41  3:21  Drone x2  
  41  3:26  Queen  
  45  3:28  Drone  
  45  3:30  Drone  
  47  3:41  Overlord  
  47  3:42  Drone x3  
  51  3:48  Zergling x4  
  51  3:55  Overlord  
  52  3:56  Drone x3  
  52  3:58  Queen  
  52  4:00  Queen  
  52  4:01  Drone  
  60  4:04  Overlord  
  60  4:06  Drone  
  61  4:11  Drone  
  61  4:14  Drone  
  61  4:15  Queen  
  66  4:17  Zergling x2  
  66  4:21  Drone  
  67  4:25  Zergling x4  
  69  4:32  Overlord  
  69  4:33  Zergling x8, Extractor, Evolution Chamber  
  69  4:34  Evolution Chamber  
  69  4:35  Drone x2  
  69  4:37  Drone  
  70  4:42  Queen  
  72  4:45  Drone  
  72  4:46  Drone x4  
  77  4:53  Drone x2  
  79  5:01  Drone x2  
  79  5:06  Overlord  
  81  5:08  Drone x2  
  81  5:09  Queen  
  81  5:11  Spore Crawler  
  81  5:17  Drone x3  
  76  5:28  Drone x2  
Tags
 
Add a new tag
Caveats
  • Supply blocks, unpowered buildings, or Contaminate may cause inaccurate times.
  • Supply counts are checked every 10 seconds.